 Dungeon Crawl Stone Soup version 0.27.0-1-g7a089689b8 (webtiles) character file.

Game seed: 16773036727987093671

2429 deadmanwalking the Covert (level 9, -11/43 HPs)
             Began as a Spriggan Delver on Aug 1, 2021.
             Was a Follower of Dithmenos.
             Mangled by a manticore (20 damage)
             ... on level 7 of the Dungeon on Aug 2, 2021.
             The game lasted 00:23:33 (7584 turns).

deadmanwalking the Covert (Spriggan Delver)         Turns: 7584, Time: 00:23:34

Health: -11/43     AC:  5    Str:  8    XL:     9   Next: 24%
Magic:  12/12      EV: 28    Int: 11    God:    Dithmenos [*.....]
Gold:   257        SH:  0    Dex: 20    Spells: 6/8 levels left

rFire    . . .     SeeInvis +   a - +1 dagger (venom)
rCold    . . .     Faith    .   (shield restricted)
rNeg     + . .     Spirit   .   H - +2 robe {Archmagi}
rPois    .         Reflect  .   (helmet restricted)
rElec    .         Harm     .   z - +0 cloak
rCorr    .         Rampage  .   (gloves unavailable)
Will     +....     Archmagi +   (boots unavailable)
Stlth    ++++++....             (no amulet)
HPRegen  0.14/turn              p - +4 ring of evasion
MPRegen  0.13/turn              l - ring of positive energy

@: wreathed by umbra, very quick
A: very small, no large weapons, unfitting armour, see invisible, speed 3
a: Renounce Religion


You were on level 7 of the Dungeon.
You worshipped Dithmenos.
Dithmenos was aware of your devotion.
You visited 2 branches of the dungeon, and saw 8 of its levels.

You collected 368 gold pieces.
You spent 111 gold pieces at shops.

Inventory:

Hand Weapons
 a - a +1 dagger of venom (weapon)
 b - a +4 hunting sling of flaming
 j - a +0 hand crossbow
 I - a +2 short sword of protection
Missiles
 i - 18 poisoned darts (quivered)
 n - 282 stones
 A - a throwing net
 E - 18 boomerangs
Armour
 t - a +2 robe of fire resistance
 z - a +0 cloak (worn)
 H - a +2 robe of the Archmagi (worn)
Jewellery
 l - a ring of positive energy (right hand)
 p - a +4 ring of evasion (left hand)
Wands
 g - a wand of digging (3)
 F - a wand of flame (24)
 G - a wand of paralysis (8)
Scrolls
 c - 3 scrolls of fog
 d - 2 scrolls of magic mapping
 e - 2 scrolls of fear
 m - a scroll of enchant weapon
 o - a scroll of teleportation
 y - 2 scrolls of blinking
 C - a scroll of enchant armour
Potions
 f - 3 potions of haste
 h - 2 potions of curing
 k - 3 potions of magic
 q - a potion of flight
 r - a potion of attraction {unknown}
 s - 2 potions of ambrosia
 u - a potion of experience {unknown}
 v - 3 potions of heal wounds {unknown}
 w - 3 potions of lignification {unknown}
 x - 3 potions of resistance {unknown}
 B - a potion of cancellation {unknown}
 D - a potion of berserk rage {unknown}


   Skills:
 - Level 2.4 Fighting
 + Level 7.4 Short Blades
 + Level 8.9 Dodging
 + Level 12.0 Stealth
 - Level 5.0 Translocations
 + Level 3.8 Invocations


You had 6 spell levels left.
You knew the following spells:

 Your Spells              Type           Power      Damage    Failure   Level
a - Blink                 Tloc           N/A        N/A       7%          2

Your spell library contained the following spells:

 Spells                   Type           Power      Damage    Failure   Level
 Lesser Beckoning         Tloc           8%         N/A       14%         3
 Beastly Appendage        Tmut           0%         N/A       34%         1
 Wereblood                Tmut           0%         N/A       47%         2
 Frozen Ramparts          Ice            0%         1d2       71%         3
 Spider Form              Tmut/Pois      0%         N/A       71%         3
 Stone Arrow              Conj/Erth      0%         3d7       71%         3
 Manifold Assault         Tloc           16%        N/A       77%         5
 Animate Armour           Summ/Erth      0%         N/A       98%         4
 Ice Form                 Ice/Tmut       0%         N/A       98%         4
 Summon Ice Beast         Ice/Summ       0%         N/A       98%         4
 Lehudib's Crystal Spear  Conj/Erth      0%         10d2      100%        8


Dungeon Overview and Level Annotations

Branches:
Dungeon (7/15)             Temple (1/1) D:6

Altars:
Ashenzari
Cheibriados
Dithmenos
Elyvilon
Fedhas
Gozag
Hepliaklqana
Kikubaaqudgha
Nemelex Xobeh
Okawaru
Trog
Uskayaw
Yredelemnul
Zin
The Shining One

Shops:
D:3 [

Annotations:
D:5 2 runed translucent doors, rogsnak's ghost, amateur DsFE
D:6 1 transporter


Innate Abilities, Weirdness & Mutations

You are very small and have problems with some larger weapons.
You are too small for most types of armour.
You have supernaturally acute eyesight. (SInv)
You cover ground extremely quickly. (Speed+++)


Message History

The manticore claws you.
You are too injured to fight recklessly!
You are too injured to fight recklessly!
You hit the manticore but do no damage.
The manticore looks as sick as possible!
The manticore is heavily wounded.
The manticore misses you. x2; The manticore completely misses you.
It was a potion of ambrosia.
You are confused.
You feel invigorated. The manticore completely misses you.
The manticore claws you!
* * * LOW HITPOINT WARNING * * *
The manticore claws you.
* * * LOW HITPOINT WARNING * * *
The manticore misses you. The manticore completely misses you. x2
The manticore closely misses you. x2; The manticore completely misses you.
The manticore bites you!!
* * * LOW HITPOINT WARNING * * *
The manticore completely misses you. The manticore barely misses you.
The manticore bites you but does no damage.
The manticore misses you. The manticore completely misses you.
The manticore completely misses you. The manticore claws you.
* * * LOW HITPOINT WARNING * * *
The manticore completely misses you.
You feel less invigorated.
You feel less confused. The manticore completely misses you.
The manticore misses you. The manticore claws you.
* * * LOW HITPOINT WARNING * * *
The manticore completely misses you. The manticore closely misses you. x2
You completely miss the manticore.
The manticore is severely wounded.
You hit the manticore but do no damage.
The manticore looks as sick as possible!
The manticore is severely wounded.
The manticore misses you. The manticore closely misses you. x2
You hit the manticore but do no damage.
The manticore is severely wounded.
The manticore bites you!!
You die...

#### ..# ### #.###.##
#.#####.##...###
...............##
.#..##@##......########
#.....H.###.#...........
#.#.##### #.#...####....
#.##### #.##. #+# #.##.
#.##. #.##. #..#.
####....


You could see a manticore (extremely poisoned).

Vanquished Creatures
  Pikel (Temple)
  Grinder (D:4)
  Eustachio (D:6)
  3 ogres
  A necrophage (D:4)
  A lemure (D:6)
  2 bullfrogs
  2 kobold brigands
  Blork the orc (D:6)
  A scorpion (D:7)
  A water moccasin skeleton (D:3)
  A howler monkey (D:6)
  A hound (D:6)
  4 jellies
  2 centaur skeletons (D:7)
  A gnoll shaman (D:6)
  3 orc priests
  3 bullfrog skeletons
  An iguana (D:6)
  3 orc wizards
  A killer bee zombie (D:7)
  Robin (D:2)
  15 gnolls
  4 adders
  2 white imps
  An ufetubus (D:4)
  An adder skeleton (D:4)
  2 worms
  3 dart slugs
  13 orcs
  3 ball pythons
  4 endoplasms
  11 goblins
  17 hobgoblins
  5 jackals (D:2)
  17 kobolds
  5 quokkas
  7 bats
  3 frilled lizards
  A quokka skeleton (D:4)
  4 rats
154 creatures vanquished.

Notes
Turn   | Place    | Note
-------+----------+-------------------------------------------
     0 | D:5      | deadmanwalking the Spriggan Delver began the quest for the
                  | Orb.
     0 | D:5      | Reached XP level 1. HP: 11/11 MP: 2/2
   165 | D:5      | Noticed an ogre
   199 | D:5      | Noticed an ogre
   200 | D:5      | Found a runed translucent door.
   203 | D:5      | Killed an ogre
   204 | D:5      | Reached skill level 8 in Stealth
   204 | D:5      | Reached XP level 2. HP: 11/16 MP: 3/3
   204 | D:5      | Reached XP level 3. HP: 13/19 MP: 4/4
   204 | D:5      | Reached XP level 4. HP: 16/23 MP: 5/5
   205 | D:5      | Noticed rogsnak's ghost (amateur DsFE)
   314 | D:4      | Noticed a necrophage
   316 | D:4      | Killed a necrophage
   317 | D:4      | Reached XP level 5. HP: 27/27 MP: 6/6
   344 | D:4      | Noticed Grinder
   350 | D:4      | Killed Grinder
   351 | D:4      | Reached skill level 5 in Dodging
   351 | D:4      | Reached skill level 9 in Stealth
   351 | D:4      | Reached XP level 6. HP: 32/32 MP: 7/7
   409 | D:3      | Found Tublyg's Antique Armour Emporium.
   550 | D:3      | Found a hide-covered altar of Uskayaw.
   697 | D:2      | Noticed Robin
   719 | D:2      | Killed Robin
  1096 | D:1      | Found a faded altar of an unknown god.
  1102 | D:1      | Reached skill level 5 in Short Blades
  1572 | D:2      | Learned a level 2 spell: Blink
  1853 | D:3      | Bought a glowing robe for 111 gold pieces
  2023 | D:3      | Reached XP level 7. HP: 27/35 MP: 8/8
  2282 | D:2      | Reached skill level 1 in Translocations
  3550 | D:4      | Reached skill level 10 in Stealth
  4057 | D:4      | Found a bloodstained altar of Trog.
  4376 | D:5      | Found a runed translucent door.
  4756 | D:6      | Reached XP level 8. HP: 25/39 MP: 9/9
  5017 | D:6      | Found a staircase to the Ecumenical Temple.
  5024 | D:6      | Noticed Pikel
  5026 | Temple   | Entered the Ecumenical Temple
  5149 | Temple   | Became a worshipper of Dithmenos the Shadowed
  5174 | D:6      | Noticed Blork the orc
  5206 | Temple   | Killed Pikel
  5207 | Temple   | Reached skill level 11 in Stealth
  5207 | Temple   | Reached skill level 5 in Translocations
  5477 | D:6      | Killed Blork the orc
  5686 | D:6      | Noticed Eustachio
  5694 | D:6      | Killed Eustachio
  5695 | D:6      | Found a blossoming altar of Fedhas.
  5717 | D:6      | Reached XP level 9. HP: 35/43 MP: 12/12
  6472 | D:6      | Noticed a two-headed ogre
  6473 | D:6      | Found a sparkling altar of Nemelex Xobeh.
  6473 | D:6      | Found a transporter.
  6473 | D:6      | Noticed a troll
  6716 | D:7      | Reached * piety under Dithmenos
  7146 | D:7      | Reached skill level 12 in Stealth
  7553 | D:7      | Noticed a manticore
  7577 | D:7      | HP: 1/43 [manticore (18)]
  7584 | D:7      | Mangled by a manticore

Illustrated notes

Levels and vault maps discovered:
D:1:      dpeg_arrival_lava_temple_mockup, layout_rooms,
          hellmonk_ecumenical_altar_zigzags
D:2:      layout_basic, kennysheep_decorative_pillar, minmay_hedge_maze,
          uniq_robin
D:3:      layout_basic, nicolae_uskayaw_suspiria, serial_shops, shop,
          dk_vineyard_1
D:4:      layout_loops_corners, trog_hazing_becter, uniq_grinder
D:5:      layout_loops_ring, ebering_ghost_sewer_f
D:6:      layout_cave_pools, old_standard_altar, grunt_nemelex_the_gamble,
          minmay_temple_entry_large_hall, grunt_ministairs_1,
          uniq_blork_the_orc, uniq_eustachio, uniq_pikel
D:7:      layout_loops_corners
Temple:   jpeg_temple_clearing

Skill      XL: |  1  2  3  4  5  6  7  8  9 |
---------------+----------------------------+-----
Short Blades   | 3 4 5 7 |  7.4
Dodging        | 4 5 6 7 8 |  8.9
Stealth        | 8 9 10 11 12 | 12.0
Translocations | 3 5 |  5.0
Invocations    | 3 |  3.8
Fighting       | |  2.4

Action                   |  1- 3 |  4- 6 |  7- 9 || total
-------------------------+-------+-------+-------++-------
Melee: Short sword       |    12 |     8 |       ||    20
       Dagger            |       |   141 |   164 ||   305
 Fire: Hunting sling     |       |    30 |   208 ||   238
Throw: Dart              |       |       |     1 ||     1
Evoke: Wand              |       |       |     2 ||     2
  Use: Scroll            |     2 |     6 |     4 ||    12
       Potion            |       |       |     2 ||     2
 Stab: Sleeping          |     1 |    25 |     7 ||    33
       Paralysed         |       |       |     1 ||     1
Armor: Robe              |     1 |    11 |    12 ||    24
Dodge: Dodged            |     5 |   116 |   243 ||   364
